Map: Efflorescence LE

Players

radarek

  • Race: Zerg Zerg
  • League: Master

Janko

  • Race: Protoss Protoss
  • League: Platinum

Massa - Winner!

  • Race: Terran Terran
  • League: Platinum

qqq - Winner!

  • Race: Zerg Zerg

VOD

Have the link to the VOD?

Description

Time

  • Played on: April 27, 2021, 11:51 a.m.
  • Length: 7:19
Show
View Real Time Build Order
Export as new Build Order

radarek Zerg 

Build Orders: Hatch First 

Get SALT Encoding   

  12  0:00  Drone  
  13  0:13  Overlord  
  13  0:27  Drone  
  14  0:33  Drone x2  
  16  0:44  Drone  
  17  0:59  Hatchery  
  17  1:02  Drone  
  17  1:04  Drone  
  18  1:16  Extractor  
  17  1:21  Drone x2  
  19  1:28  Spawning Pool  
  18  1:34  Drone  
  19  1:43  Drone  
  20  1:54  Drone  
  20  1:58  Evolution Chamber  
  20  2:07  Extractor  
  20  2:16  Queen  
  22  2:24  Extractor  
  22  2:25  Zerg Missile Weapons Level 1  
  22  2:27  Queen  
  22  2:28  Overlord  
  25  2:30  Zergling x4  
  25  2:32  Drone  
  25  2:35  Drone  
  28  2:49  Drone x3  
  30  2:59  Drone x2  
  30  3:03  Lair  
  30  3:04  Drone  
  33  3:09  Overlord  
  33  3:13  Drone  
  33  3:19  Drone  
  35  3:22  Roach Warren  
  35  3:24  Drone  
  35  3:29  Drone  
  36  3:34  Drone x3  
  36  3:37  Drone  
  36  3:40  Overlord  
  40  3:44  Overlord  
  40  3:47  Drone  
  41  3:49  Drone  
  41  3:51  Drone  
  43  3:56  Extractor  
  43  3:59  Extractor  
  43  4:01  Glial Reconstitution  
  41  4:04  Drone  
  41  4:05  Drone x2  
  41  4:09  Overlord  
  44  4:10  Roach  
  44  4:12  Roach  
  44  4:15  Roach  
  50  4:17  Roach  
  52  4:26  Roach x2  
  56  4:41  Roach x2  
  56  4:43  Overlord x2  
  59  4:49  Zergling x2, Overlord  
  60  4:54  Ravager  
  54  5:05  Roach x4  
  59  5:16  Roach x3  
  59  5:17  Roach  
  66  5:24  Roach  
  70  5:35  Roach  
  70  5:36  Roach x2  
  72  5:47  Roach x2  
  76  5:59  Roach x2  
  80  6:04  Ravager  
  80  6:05  Roach  
  83  6:12  Overlord  
  83  6:21  Spore Crawler  
  82  6:31  Queen x2  
  86  6:42  Overlord x3  
  86  6:45  Overlord x2  
Show
View Real Time Build Order
Export as new Build Order

Janko Protoss 

Build Orders: Phoenix Opening 

Get SALT Encoding   

  12  0:01  Probe  
  13  0:23  Probe  
  13  0:25  Pylon  
  14  0:35  Probe  
  15  0:43  Gateway  
  15  0:50  Probe  
  15  0:52  Assimilator  
  16  1:02  Probe (Chrono Boost)  
  18  1:11  Probe (Chrono Boost)  
  18  1:16  Probe (Chrono Boost)  
  19  1:28  Probe  
  19  1:32  Cybernetics Core  
  20  1:40  Probe  
  20  1:41  Assimilator  
  21  1:49  Nexus  
  21  1:56  Probe  
  22  2:03  Pylon  
  22  2:08  Probe  
  23  2:22  Stargate  
  23  2:24  Probe  
  24  2:32  Gateway  
  24  2:36  Zealot  
  26  2:47  Stargate  
  26  2:49  Probe  
  27  3:00  Assimilator  
  27  3:02  Probe  
  28  3:10  Probe (Chrono Boost)  
  29  3:13  Phoenix  
  29  3:14  Probe (Chrono Boost)  
  32  3:25  Assimilator  
  32  3:26  Probe (Chrono Boost)  
  33  3:27  Probe (Chrono Boost)  
  33  3:33  Phoenix  
  36  3:42  Phoenix  
  36  3:45  Probe  
  36  3:48  Probe  
  40  3:58  Phoenix  
  42  4:04  Probe  
  42  4:09  Pylon  
  43  4:17  Phoenix  
  45  4:27  Phoenix  
  45  4:28  Probe  
  38  4:47  Probe  
  31  4:53  Probe  
  31  4:58  Phoenix  
  31  4:59  Probe  
  35  5:05  Probe  
  36  5:11  Probe  
  37  5:16  Pylon  
  33  5:23  Probe  
Show
View Real Time Build Order
Export as new Build Order

Massa Terran - Winner!

Build Orders: Hellion Banshee 

Get SALT Encoding   

  12  0:00  SCV  
  13  0:12  SCV  
  14  0:17  Supply Depot  
  14  0:24  SCV  
  15  0:39  SCV  
  15  0:41  Barracks  
  16  0:50  Refinery  
  16  0:51  SCV  
  17  1:03  SCV  
  18  1:15  SCV  
  19  1:27  SCV  
  20  1:40  Command Center  
  20  1:41  Orbital Command  
  20  1:57  Barracks Reactor  
  20  2:15  SCV  
  21  2:20  Factory  
  21  2:27  SCV  
  22  2:34  Marine  
  23  2:42  Supply Depot x2  
  23  3:01  Refinery  
  23  3:03  Marine x2  
  23  3:04  SCV  
  26  3:06  Starport  
  26  3:07  Hellion  
  26  3:10  Orbital Command  
  28  3:16  SCV  
  29  3:21  Marine x2  
  31  3:28  SCV  
  31  3:29  Hellion  
  34  3:38  SCV  
  34  3:40  SCV  
  36  3:56  Barracks Tech Lab  
  36  3:57  Starport Tech Lab  
  36  4:00  Hellion  
  36  4:01  Hellion  
  41  4:02  SCV  
  41  4:03  SCV  
  42  4:15  SCV x2  
  42  4:16  Barracks  
  42  4:17  Barracks  
  42  4:22  Banshee, Hellion x2  
  42  4:23  Cloaking Field  
  47  4:28  Marine  
  48  4:46  Marine  
  48  5:04  Marine x3  
  48  5:05  Widow Mine x2  
  53  5:10  Stimpack  
  53  5:11  SCV x2  
  52  5:19  Engineering Bay  
  52  5:21  Marine  
  52  5:22  Marine  
  54  5:30  SCV  
  54  5:40  Widow Mine  
  54  5:44  SCV x2  
  52  5:52  Barracks Reactor, Barracks Tech Lab  
  52  5:58  Widow Mine  
  54  6:06  Supply Depot  
  54  6:08  Supply Depot  
  54  6:09  Supply Depot x2  
  54  6:11  Supply Depot x2  
  54  6:25  Widow Mine  
  54  6:28  Widow Mine, SCV x2, Marine  
  54  6:30  Banshee  
  62  6:40  SCV x2  
  62  6:46  Marine  
Show
View Real Time Build Order
Export as new Build Order

qqq Zerg - Winner!

Build Orders: Hatch First 

Get SALT Encoding   

  12  0:05  Drone  
  13  0:09  Drone  
  14  0:25  Overlord  
  14  0:46  Hatchery  
  13  0:50  Drone  
  13  0:52  Drone  
  15  1:00  Drone  
  15  1:03  Drone  
  17  1:15  Drone  
  18  1:25  Spawning Pool  
  18  1:27  Extractor, Drone  
  17  1:37  Drone  
  18  1:47  Drone  
  19  1:55  Drone  
  19  2:01  Drone  
  21  2:10  Drone x2  
  21  2:15  Queen x2  
  27  2:25  Drone  
  28  2:30  Overlord  
  28  2:31  Metabolic Boost  
  28  2:47  Overlord  
  28  2:50  Drone  
  28  2:51  Drone x2  
  31  2:53  Drone x2  
  33  3:02  Zergling x2  
  34  3:06  Drone, Evolution Chamber  
  34  3:17  Drone x2  
  36  3:21  Zergling x2  
  37  3:27  Zergling x2  
  37  3:28  Overlord  
  37  3:30  Zergling x2  
  37  3:34  Hatchery, Zerg Melee Weapons Level 1  
  38  3:37  Zergling x2  
  38  3:38  Zergling x2  
  38  3:41  Zergling x2  
  41  3:46  Zergling x4  
  41  3:47  Zergling x2  
  44  3:49  Zergling x2  
  45  3:57  Zergling x8  
  45  4:00  Zergling x2  
  45  4:01  Zergling x2  
  51  4:03  Zergling x2  
  52  4:10  Overlord  
  52  4:11  Overlord  
  52  4:22  Overlord  
  52  4:26  Overlord  
  52  4:28  Queen  
  54  4:36  Zergling x4  
  54  4:37  Zergling x2  
  56  4:44  Zergling x4  
  52  4:53  Zergling x6  
  50  5:02  Zergling x4  
  50  5:03  Zergling x2  
  50  5:07  Queen  
  51  5:14  Zergling x6  
  53  5:24  Zergling x6  
  55  5:29  Zergling x2  
  56  5:39  Zergling x2  
  56  5:40  Zergling x16  
  63  6:00  Zergling x6  
  57  6:05  Zergling x4  
  57  6:06  Zergling x8  
  63  6:12  Roach Warren  
  63  6:15  Lair  
  63  6:16  Zergling x6  
  65  6:24  Zergling x2  
  65  6:25  Zergling x2  
  66  6:30  Zergling x2  
  67  6:33  Zergling x6  
  67  6:35  Zergling x4  
  67  6:39  Zergling x2  
  73  6:49  Zergling x8  
Tags
 
Add a new tag
Caveats
  • Supply blocks, unpowered buildings, or Contaminate may cause inaccurate times.
  • Supply counts are checked every 10 seconds.